 Dungeon Crawl Stone Soup version 0.25-a0-781-gc44aebf4fe (webtiles) character file.

Game seed: 4667895841928435149, levelgen mode: deterministic

82 DildoBatman the Conjurer (level 4, -3/30 HPs)
             Began as a Formicid Wizard on Apr 14, 2020.
             Slain by Natasha (6 damage)
             ... on level 1 of the Dungeon on Apr 15, 2020.
             The game lasted 00:05:15 (1929 turns).

DildoBatman the Conjurer (Formicid Wizard)          Turns: 1929, Time: 00:05:15

Health: -3/30      AC:  2    Str: 11    XL:     4   Next: 70%
Magic:  5/8        EV: 12    Int: 19    God:
Gold:   96         SH:  0    Dex:  9    Spells: 2/9 levels left

rFire    . . .     SeeInvis +   g - +0 mace
rCold    . . .     Gourm    .   (no shield)
rNeg     . . .     Faith    .   a - +0 robe
rPois    .         Spirit   .   (helmet unavailable)
rElec    .         Reflect  .   (no cloak)
rCorr    .         Harm     .   (no gloves)
MR       +....                  (no boots)
Stlth    ++........             (no amulet)
HPRegen  0.10/turn              o - ring of protection from magic
MPRegen  0.11/turn              (no ring)

@: lethally poisoned (-3 -> -6), stab, flying, very slightly contaminated
A: permanent stasis, dig shafts and tunnels, four strong arms, antennae 3
a: Dig, Shaft Self


You were on level 1 of the Dungeon.
You were not hungry.

You visited 1 branch of the dungeon, and saw 2 of its levels.

You collected 96 gold pieces.

Inventory:

Hand Weapons
 g - a +0 mace (weapon)
Missiles
 d - 47 stones (quivered)
 q - a throwing net
Armour
 a - a +0 robe (worn)
Jewellery
 o - a ring of protection from magic (left hand)
Scrolls
 b - 5 scrolls of identify {unknown}
 e - a scroll of blinking {unknown}
 i - a scroll of teleportation {unknown}
 l - 2 scrolls of magic mapping {unknown}
 m - a scroll of fog {unknown}
 s - a scroll of enchant armour {unknown}
 t - a scroll of immolation {unknown}
Potions
 f - a potion of degeneration {unknown}
 h - a potion of brilliance {unknown}
 j - a potion of heal wounds {unknown}
 n - a potion of ambrosia {unknown}
 p - a potion of flight
 r - a potion of magic {unknown}
Comestibles
 k - 7 chunks of flesh
 v - 3 rations


   Skills:
 - Level 1.7 Dodging
 - Level 2.4 Stealth
 - Level 3.2 Spellcasting
 * Level 3.7 Conjurations
   Level 1.0 Summonings
   Level 0.8 Translocations


You had 2 spell levels left.
You knew the following spells:

 Your Spells              Type           Power        Failure   Level  Hunger
a - Conjure Flame         Conj/Fire      ##......     21%         3    ###....
c - Magic Dart            Conj           ###.         3%          1    None
e - Mephitic Cloud        Conj/Pois/Air  #.......     26%         3    ###....

Your spell library contained the following spells:

 Spells                   Type           Power        Failure   Level  Hunger
 Call Imp                 Summ           #.......     16%         2    ##.....
 Slow                     Hex            #.......     22%         2    ##.....
 Blink                    Tloc           Unusable     N/A         2    N/A

Dungeon Overview and Level Annotations

Branches:
Dungeon (2/15)

Altars:
Sif Muna
Wu Jian

Annotations:
D:1 Natasha
D:2 exclusion: 2 sensed monsters (detected)


Innate Abilities, Weirdness & Mutations

You cannot be hasted, slowed, berserked, paralysed or teleported.
You can dig through walls and to a lower floor.
Your four strong arms can wield two-handed weapons with a shield.
You have a pair of large antennae on your head. (SInv)


Message History

Casting: Magic Dart (safe; 3% risk of failure)
Confirm with . or Enter, or press ? or * to list all spells.
Aiming: Mephitic Cloud (slightly dangerous; 26% risk of failure)
Press: ? - help, Shift-Dir - straight line, f - Natasha
Aim: Natasha That beam is likely to hit you.
Continue anyway?
You miscast Mephitic Cloud.
You are very lightly contaminated with residual magic.
You feel rather nauseous for a moment!
You are poisoned.
You feel sick. Natasha claws you.
It was a potion of flight.
You feel very buoyant.
You fly up into the air.
Natasha mumbles some strange words.
It was a potion of stabbing.
You feel ready to backstab. Natasha claws you.
You die...

##### ###...# ##.#...#
### #
##.#....#######.######
#.###@5...............
##.#h..)#######.#...##
##.#...# #.'...##
#######.#########.#...##
#.................#####
#.#####.......#.....#
#.# #.......#..รท..#
#.### #.......#.....# ##
#.#.# #.......#.....###.


You could see Natasha and a crimson imp.

Vanquished Creatures
  2 adders (D:2)
  An ooze (D:2)
  A worm (D:2)
  5 dart slugs
  2 leopard geckos (D:2)
  A giant cockroach (D:1)
  7 goblins
  8 hobgoblins
  4 jackals (D:2)
  A kobold (D:1)
  6 bats
  4 frilled lizards
  3 rats (D:1)
45 creatures vanquished.

Notes
Turn   | Place    | Note
-------+----------+-------------------------------------------
     0 | D:1      | DildoBatman the Formicid Wizard began the quest for the
                  | Orb.
     0 | D:1      | Reached XP level 1. HP: 13/13 MP: 4/4
     0 | D:1      | Upgraded the game from 0.25-a0-774-g40ae2d4f90 to
                  | 0.25-a0-781-gc44aebf4fe
    49 | D:1      | Reached skill level 1 in Conjurations
   417 | D:1      | Reached XP level 2. HP: 19/19 MP: 0/6
   684 | D:1      | Reached XP level 3. HP: 13/24 MP: 3/7
   689 | D:1      | Learned a level 3 spell: Conjure Flame
   693 | D:1      | Learned a level 3 spell: Mephitic Cloud
  1425 | D:2      | Reached XP level 4. HP: 26/30 MP: 3/8
  1465 | D:2      | Found a shimmering blue altar of Sif Muna.
  1622 | D:2      | Found an ornate altar of the Wu Jian Council.
  1898 | D:2      | Noticed Natasha
  1929 | D:1      | Slain by Natasha

Levels and vault maps discovered:
D:1:      lemuel_arrival_hallway, layout_basic, grunt_decor_mini_mirrors
D:2:      layout_loops_corners, lemuel_crystal_altar, zin_purify,
          lemuel_blue_sif_altar, uniq_natasha, uniq_robin

Skill      XL: |  1  2  3 |
---------------+----------+-----
Conjurations   | 1 2 3 |  3.7
Dodging        | |  1.7
Stealth        | |  2.4
Spellcasting   | |  3.2
Summonings     | |  1.0
Translocations | |  0.8

Action                   |  1- 3 |  4- 6 || total
-------------------------+-------+-------++-------
Melee: Unarmed           |    14 |       ||    14
       Mace              |    13 |     1 ||    14
 Cast: Magic Dart        |    78 |    33 ||   111
 Abil: Dig               |       |     1 ||     1
  Use: Potion            |       |     2 ||     2
  Eat: Chunk             |     1 |     2 ||     3
Armor: Robe              |     2 |     1 ||     3
Dodge: Dodged            |    24 |     5 ||    29

Table legend:
 A = Non-vault XP
 B = Vault XP
 C = Vault XP percentage of total XP
 D = Non-vault monster count
 E = Vault monster count
 F = Vault count percentage of total count
                 A         B        C        D         E       F
            +---------+---------+-------+---------+---------+-------
      Total |     118 |       0 |   0.0 |      45 |       0 |   0.0
            +---------+---------+-------+---------+---------+-------
        D:1 |      40 |       0 |   0.0 |      21 |       0 |   0.0
        D:2 |      78 |       0 |   0.0 |      24 |       0 |   0.0
            +---------+---------+-------+---------+---------+-------
